Map: [ESL] Dragon Scales

Players

Astrea - Winner!

  • Race: Protoss Protoss
  • Spawn Location: 11:00

Scarlett

  • Race: Zerg Zerg
  • Spawn Location: 5:00

Event: ESL SC2 Masters 2023 Summer (Regionals)

VOD

https://youtu.be/_5C7xKDSgu0?t=1183

Description

Time

  • Played on: May 20, 2023, 4:28 p.m.
  • Length: 7:25

All games in this series

Show
View Real Time Build Order
Export as new Build Order

Astrea Protoss - Winner!

Build Orders: 1 Gate Expand 

Get SALT Encoding   

  12  0:00  Probe  
  13  0:12  Probe  
  14  0:18  Pylon  
  14  0:24  Probe (Chrono Boost)  
  15  0:37  Probe (Chrono Boost)  
  15  0:39  Gateway  
  16  0:44  Probe (Chrono Boost)  
  17  0:50  Assimilator  
  17  0:51  Probe  
  18  1:03  Probe  
  19  1:15  Probe  
  20  1:26  Nexus  
  20  1:30  Probe  
  21  1:39  Cybernetics Core  
  21  1:43  Assimilator  
  21  1:46  Probe  
  22  1:54  Pylon  
  22  1:58  Probe  
  23  2:12  Probe (Chrono Boost), Adept (Chrono Boost)  
  23  2:15  Warp Gate  
  26  2:21  Probe (Chrono Boost)  
  27  2:22  Robotics Facility  
  27  2:26  Probe (Chrono Boost)  
  28  2:33  Stalker (Chrono Boost)  
  30  2:38  Probe  
  30  2:39  Probe  
  32  2:50  Probe  
  33  2:51  Probe  
  34  3:02  Probe  
  34  3:03  Probe, Gateway  
  36  3:07  Adept  
  36  3:12  Observer (Chrono Boost)  
  39  3:14  Probe  
  39  3:15  Probe  
  41  3:24  Pylon  
  41  3:26  Probe  
  42  3:28  Probe  
  42  3:34  Warp Prism (Chrono Boost)  
  43  3:38  Probe  
  46  3:42  Probe  
  47  3:48  Pylon  
  47  3:51  Probe  
  49  4:00  Immortal (Chrono Boost)  
  49  4:01  Observer  
  53  4:04  Adept  
  53  4:08  Adept, Pylon  
  56  4:15  Probe  
  56  4:16  Probe  
  58  4:20  Gateway  
  58  4:22  Gateway  
  58  4:23  Gateway  
  58  4:26  Assimilator  
  58  4:27  Pylon  
  58  4:30  Sentry x2  
  62  4:37  Immortal (Chrono Boost)  
  66  4:42  Probe  
  66  4:43  Pylon  
  67  4:53  Pylon  
  67  4:55  Sentry x2  
  71  5:00  Pylon  
  71  5:05  Gateway  
  71  5:09  Immortal (Chrono Boost)  
  71  5:11  Gateway  
  73  5:21  Zealot, Sentry  
  73  5:22  Zealot x2  
  73  5:27  Zealot  
  83  5:33  Observer  
  83  5:38  Pylon  
  83  5:43  Zealot x3  
  89  6:06  Stalker x6  
  89  6:07  Stalker  
  103  6:11  Pylon  
  103  6:17  Pylon  
  103  6:33  Stalker x5  
  111  6:41  Zealot x2  
  111  6:59  Zealot x5  
  111  7:01  Zealot  
  111  7:02  Zealot  
  99  7:21  Stalker x4  
  95  7:23  Sentry x2  
Show
View Real Time Build Order
Export as new Build Order

Scarlett Zerg 

Build Orders: Hatch First 

Get SALT Encoding   

  12  0:00  Drone  
  13  0:12  Overlord  
  13  0:17  Drone  
  14  0:30  Drone x2  
  16  0:41  Drone  
  17  0:50  Hatchery  
  17  0:53  Drone  
  17  0:57  Drone  
  18  1:07  Extractor  
  17  1:12  Spawning Pool  
  17  1:16  Drone  
  17  1:20  Drone  
  18  1:27  Drone  
  19  1:38  Drone  
  20  1:49  Overlord  
  20  1:58  Queen  
  22  2:02  Queen, Zergling x2, Drone  
  26  2:11  Zergling x2  
  26  2:13  Metabolic Boost  
  26  2:14  Drone  
  28  2:22  Drone  
  29  2:25  Drone  
  30  2:36  Hatchery  
  29  2:40  Queen  
  31  2:45  Drone  
  31  2:46  Drone  
  31  2:49  Overlord  
  33  2:59  Drone x3  
  36  3:07  Queen  
  36  3:12  Drone x4  
  42  3:17  Overlord  
  42  3:20  Spore Crawler  
  42  3:25  Overlord  
  42  3:29  Drone  
  42  3:30  Drone  
  44  3:37  Drone  
  44  3:40  Drone  
  46  3:43  Drone x4  
  46  3:44  Queen  
  46  3:48  Queen  
  54  3:53  Drone  
  55  3:56  Roach Warren  
  55  3:58  Drone x2  
  55  4:00  Zergling x4  
  58  4:06  Zergling x6  
  60  4:12  Zergling x2  
  60  4:13  Zergling x2  
  60  4:14  Overlord  
  61  4:20  Extractor  
  61  4:21  Spore Crawler x2  
  61  4:23  Spore Crawler, Zergling x2  
  61  4:24  Zergling x4  
  60  4:29  Overlord  
  57  4:41  Drone x8  
  66  4:46  Overlord  
  66  4:47  Overlord, Drone  
  67  4:56  Drone x4  
  67  4:58  Drone x2  
  73  5:00  Extractor, Drone  
  72  5:11  Roach  
  72  5:12  Roach x3  
  78  5:25  Roach x4  
  78  5:28  Overlord  
  86  5:30  Drone  
  86  5:35  Roach x3  
  93  5:39  Baneling Nest  
  93  5:41  Roach x2  
  96  5:47  Overlord x2  
  96  5:48  Roach x2  
  101  5:51  Overlord  
  101  5:54  Overlord  
  101  5:55  Overlord  
  101  5:58  Overlord  
  101  6:07  Ravager x3  
  101  6:09  Zergling x12  
  110  6:12  Ravager  
  110  6:13  Ravager  
  111  6:19  Zergling x10  
  118  6:25  Roach  
  118  6:26  Roach x3  
  118  6:30  Zergling x8  
  128  6:37  Roach x2  
  131  6:41  Roach x3  
  131  6:46  Roach x2  
  132  6:50  Roach  
  132  6:51  Zergling x14  
  129  7:01  Roach x2  
  119  7:04  Roach  
Tags
 
Add a new tag
Caveats
  • Supply blocks, unpowered buildings, or Contaminate may cause inaccurate times.
  • Supply counts are checked every 10 seconds.